 Dungeon Crawl Stone Soup version 0.31.0-1-g2c135a0 (webtiles) character file.

Game seed: 150596090824874294

102 Think the Ducker (level 4, -5/31 HPs)
             Began as an Octopode Fighter on Feb 27, 2024.
             Slain by Sigmund
             ... wielding a +1 scythe of protection
              (11 damage)
             ... on level 3 of the Dungeon.
             The game lasted 00:04:19 (2408 turns).

Think the Ducker (Octopode Fighter)                 Turns: 2408, Time: 00:04:19

Health: -5/31      AC:  1    Str: 15    XL:     4   Next: 78%
Magic:  4/4        EV: 14    Int: 10    God:
Gold:   160        SH:  4    Dex: 13    Spells: 3/3 levels left

rFire   . . .        a - +0 long sword
rCold   . . .        b - +0 buckler
rNeg    . . .        (helmet restricted)
rPois   +            (no amulet)
rElec   .            g - ring of poison resistance
rCorr   .            (no ring)
SInv    .            (no ring)
Will    .....        (no ring)
Stlth   ++           (no ring)
HPRegen 0.25/turn    (no ring)
MPRegen 0.09/turn    (no ring)
                     (no ring)

%: no passive effects
@: brilliant
A: almost no armour, amphibious, 8 rings, camouflage 1, gelatinous body 1,
(nimble swimmer 1), tentacles
a: no special abilities


You were on level 3 of the Dungeon.
You visited 1 branch of the dungeon, and saw 3 of its levels.

You collected 160 gold pieces.

Inventory:

Hand Weapons
 a - a +0 long sword (weapon)
Armour
 b - a +0 buckler (worn)
Jewellery
 g - a ring of poison resistance (left tentacle)
 i - a +6 ring of dexterity
Scrolls
 d - a scroll of identify {unknown}
 e - a scroll of vulnerability {unknown}
 f - 3 scrolls of blinking {unknown}
 h - a scroll of immolation {unknown}
 j - a scroll of amnesia {unknown}
Potions
 c - 3 potions of might
 l - 2 potions of curing {unknown}


   Skills:
 - Level 3.0 Fighting
 - Level 2.0 Long Blades
 + Level 5.3 Dodging
 - Level 3.0 Shields


You had 3 spell levels left.
You didn't know any spells.
Your spell library contained the following spells:

 Spells                   Type           Power      Damage    Failure   Level
 Tukima's Dance           Hex            0%         N/A       83%         3
 Dimensional Bullseye     Hex/Tloc       0%         N/A       99%         4
 Iskenderun's Mystic Bla  Conj/Tloc      0%         2d3       99%         4


Dungeon Overview and Level Annotations

Branches:
Dungeon (3/15)

Altars:

Annotations:
D:3 Sigmund


Innate Abilities, Weirdness & Mutations

You cannot wear most types of armour.
You are amphibious.
You can wear up to eight rings at the same time.
Your skin changes colour to match your surroundings (Stealth+).
Your rubbery body absorbs attacks. (AC +1, EV +1)
((You are camouflaged when in or above water. (Stealth+)))
You have tentacles for arms and can constrict up to eight enemies at once.


Message History

Key pressed, stopping explore.
You now have 147 gold pieces (gained 15).
There is an open door here.
Key pressed, stopping explore.
Key pressed, stopping explore.
You now have 160 gold pieces (gained 13).
Done exploring.
Done exploring.
You open the door.
There is an open door here.
There is a stone staircase leading down here.
You climb downwards.
There is a stone staircase leading up here.
There are monsters nearby!
There are monsters nearby!
A ball python comes into view.
Sigmund shouts!
The ball python hisses angrily.
You hear an angry hiss.
Sigmund hits you with a +1 scythe of protection!
You hit Sigmund. Your grab misses Sigmund.
Sigmund is lightly wounded.
The ball python misses you. The ball python barely misses you.
The ball python bites you but does no damage.
The ball python grabs you. The ball python constricts you.
You barely miss the ball python. You grab the ball python.
You constrict the ball python.
Sigmund hits you with a +1 scythe of protection!
* * * LOW HITPOINT WARNING * * *
You block the ball python's attack. The ball python constricts you.
* * * LOW HITPOINT WARNING * * *
The ball python barely misses you. The ball python constricts you.
You are too injured to fight recklessly!
It was a potion of brilliance.
You feel clever all of a sudden.
You constrict the ball python.
You kill the ball python!
The giant cockroach bites you.
* * * LOW HITPOINT WARNING * * *
Sigmund hits you with a +1 scythe of protection!
You die...
Sigmund begins carving another notch in his scythe.

### ...
### #B#
.. #.# #.
#.#
#.##†##.#
#....@B<#
####@####
#. ##


You could see Sigmund and a giant cockroach.

Vanquished Creatures
  A hound (D:2)
  2 adders (D:2)
  A dart slug (D:1)
  4 bats
  4 endoplasms
  4 goblins
  10 hobgoblins
  5 jackals (D:1)
  4 kobolds
  2 quokkas
  4 ball pythons
  A frilled lizard (D:1)
  3 rats
45 creatures vanquished.

Notes
Turn   | Place    | Note
-------+----------+-------------------------------------------
     0 | D:1      | Think the Octopode Fighter began the quest for the Orb.
     0 | D:1      | Reached XP level 1. HP: 16/16 MP: 1/1
   306 | D:1      | Reached XP level 2. HP: 21/21 MP: 2/2
   519 | D:1      | Reached skill level 4 in Dodging
   606 | D:1      | Reached XP level 3. HP: 23/26 MP: 3/3
  1301 | D:2      | Reached XP level 4. HP: 18/31 MP: 4/4
  1306 | D:2      | Reached skill level 5 in Dodging
  2403 | D:3      | Noticed Sigmund
  2408 | D:3      | Slain by Sigmund

Illustrated notes

Levels and vault maps discovered:
D:1:      kennysheep_arrival_forest, layout_basic, minmay_quantized
D:2:      minmay_wonky_spiral, layout_basic, minmay_hexomino_u4
D:3:      cheibrodos_greedy_goblins, layout_loops_cross, serial_shops,
          nicolae_shop_stone, uniq_sigmund, uniq_terence, uniq_robin

Skill      XL: |  1  2  3  4 |
---------------+-------------+-----
Dodging        | 4 5 |  5.3
Fighting       | |  3.0
Long Blades    | |  2.0
Shields        | |  3.0

Action                     |  1- 3 |  4- 6 || total
---------------------------+-------+-------++-------
  Melee: Long sword        |    49 |    30 ||    79
         Constrict         |    18 |     6 ||    24
         Tentacles         |     6 |     5 ||    11
         Punch             |     1 |       ||     1
    Use: Potion            |       |     1 ||     1
   Stab: Sleeping          |     5 |     3 ||     8
 Armour: Skin              |    32 |    15 ||    47
  Dodge: Dodged            |    27 |    15 ||    42
  Block: Buckler           |    11 |     7 ||    18
